Cogmind - Beta 14 @@@ ROGUE MODE // 2024.08.17 @ 02:09:49 Player: Falseshadow Result: Destroyed by D-53 Grenadier with Mini Grenade Launcher Performance ------------- Evolutions (0) 0 Regions Visited (4) 800 Robots Destroyed (28) 140 Value Destroyed (624) 624 Prototype IDs (23) 460 Alien Tech Used (0) 0 Bonus (300) 300 TOTAL SCORE: 2324 Bonus ------- Aligned with FarCom 300 Cogmind --------- Core Integrity 0/250 Matter 126/300 Energy 65/100 System Corruption 3% Temperature Cool (0) Movement Treading (240) Ox1 Location -9/Mines Parts ------- > --- POWER (1) -------- (None) > --- PROPULSION (2) --- Light Treads > --- UTILITY (2) ------ Large Storage Unit Propulsion Shielding > --- WEAPON (2) ------- Light Assault Rifle Heavy Assault Rifle > --- INVENTORY (15) --- Ion Engine Armored Wheel Improved Heat Sink Light Assault Rifle Light Assault Rifle Rocket Launcher Field Lobotomy Kit (5) Heavy Hammer Peak State ------------ > --- POWER ------------ Improved Ion Engine > --- PROPULSION ------- Armored Wheel Armored Wheel > --- UTILITY ---------- Large Storage Unit Medium Armor Plating > --- WEAPON ----------- Light Assault Rifle Heavy Assault Rifle > --- INVENTORY -------- Ion Engine Light Treads Light Treads Improved Heat Sink Propulsion Shielding Medium Armor Plating Medium Armor Plating Light Assault Rifle Light Assault Rifle Heavy Assault Rifle Grenade Launcher Rocket Launcher Field Lobotomy Kit Heavy Hammer [Rating: 15] Favorites ----------- Power Ion Engine Engine Ion Engine Propulsion Armored Wheel Treads Light Treads Wheel Armored Wheel Utility Large Storage Unit Storage Large Storage Unit Protection Medium Armor Plating Weapon Heavy Assault Rifle Energy Gun Small Laser Ballistic Gun Heavy Assault Rifle Launcher Rocket Launcher Build | -11 -10 -10 -10 -9 ------- Run | Yrd Mat Min Exi Min Slots Evolved . | . . . . . Power . | . . . . . Propulsion . | . . . . . Utility . | . . . . . Weapon . | . . . . . Parts Attached 32 | 7 11 2 1 11 Power 3 | 1 . . 1 1 Engine 3 | 1 . . 1 1 Core . | . . . . . Reactor . | . . . . . Propulsion 8 | 2 4 . . 2 Treads 4 | 2 . . . 2 Leg . | . . . . . Wheel 4 | . 4 . . . Hover . | . . . . . Flight . | . . . . . Utility 8 | 1 3 1 . 3 Device . | . . . . . Storage 2 | 1 1 . . . Processor . | . . . . . Hackware . | . . . . . Protection 6 | . 2 1 . 3 Artifact . | . . . . . Weapon 13 | 3 4 1 . 5 Energy Gun 2 | 2 . . . . Energy Cannon . | . . . . . Ballistic Gun 9 | 1 4 1 . 3 Ballistic Cannon . | . . . . . Launcher 2 | . . . . 2 Special Weapon . | . . . . . Impact Weapon . | . . . . . Slashing Weapon . | . . . . . Piercing Weapon . | . . . . . Special Melee Weapon . | . . . . . Unidentified Prototypes . | . . . . . Parts Lost 11 | . 1 2 . 8 Power 1 | . . . . 1 Propulsion 2 | . . . . 2 Utility 4 | . . 1 . 3 Weapon 4 | . 1 1 . 2 Highest Loss Streak 5 | . 1 2 . 5 To Critical Strikes 1 | . 1 . . . Average Slot Usage (%) 94 | . 90 100 100 90 Engine 13 | . 14 14 14 9 Treads 4 | . 6 . . 7 Wheel 23 | . 21 28 28 19 Storage 14 | . 14 14 14 14 Protection 9 | . 4 14 14 10 Ballistic Gun 27 | . 27 28 28 22 Peak Build Rating 15 | 6 14 14 13 15 Average Rating 11 | 4 10 13 12 12 On Entrance 9 | . 6 14 13 13 Naked Turns . | . . . . . Heaviest Build 38 | 12 38 38 36 38 Greatest Support 40 | 40 40 24 24 40 Greatest Overweight (x) 1 | . 1 1 1 1 Average Overweight (x) . | . . 1 1 . Largest Inventory Capacity 15 | 8 15 15 15 15 Average Capacity 14 | 6 13 15 15 15 Most Carried 15 | 4 15 15 13 14 Average Carried 11 | 1 9 14 12 12 Final Capacity 15 | 8 15 15 15 15 Final Carried 15 | 2 15 13 13 8 Class Distribution -------------------- 100% | Mutant Dominant Class ---------------- Mutant | -10/Materials Mutant | -10/Mines Mutant | -10/Exiles Mutant | -9/Mines Resources | -11 -10 -10 -10 -9 ----------- Run | Yrd Mat Min Exi Min Matter Collected 911 | 239 514 137 . 21 Remotely . | . . . . . Salvage Created 1047 | . 773 204 . 70 Parts 54 | . 45 9 . . Haulers Intercepted 2 | . 2 . . . Recyclers Shooed 4 | . 4 . . . Parts Field Recycled . | . . . . . Retrieved Matter . | . . . . . Parts Self-Destructed . | . . . . . Prevented . | . . . . . Kills | -11 -10 -10 -10 -9 ------- Run | Yrd Mat Min Exi Min Combat Hostiles Destroyed 41 | . 16 5 . 20 Guns 22 | . 16 5 . 1 AOE 19 | . . . . 19 Classes Destroyed 8 | . 6 1 . 1 Builder 1 | . . 1 . . Hauler 2 | . 2 . . . Recycler 1 | . 1 . . . Operator 2 | . 2 . . . Watcher 1 | . 1 . . . Swarmer 8 | . 5 3 . . Grunt 13 | . 11 2 . . Assembled 20 | . . . . 20 Best Kill Streak 20 | . 7 2 . 20 Combat Bots Only 20 | . 7 2 . 20 Max Kills in Single Turn 6 | . 1 2 . 6 Gunslinging . | . . . . . Exploded 6 | . . . . 6 Melee . | . . . . . Uniques/NPCs Destroyed . | . . . . . Combat | -11 -10 -10 -10 -9 -------- Run | Yrd Mat Min Exi Min Hostile Shots Fired 175 | . 77 46 . 52 Missed 32 | . 14 10 . 8 Damage Taken 2021 | . 636 314 . 1071 Core 267 | . 91 61 . 115 Absorbed by Shields . | . . . . . Core Remaining (%) 100 | 100 . . . . Volleys Fired 101 | . 65 25 . 11 Largest 2 | . 2 2 . 2 Hottest 63 | . 46 46 . 63 Shots Fired 194 | . 130 49 . 15 Gun 185 | . 130 49 . 6 Cannon . | . . . . . Launcher 9 | . . . . 9 Special . | . . . . . Kinetic 185 | . 130 49 . 6 Thermal . | . . . . . Explosive 9 | . . . . 9 Electromagnetic . | . . . . . Robot Hit Streak 10 | . 10 5 . 5 Robot Miss Streak 4 | . 4 3 . 3 Penetration Max . | . . . . . Secondary Targets 2 | . . 2 . . Max Gunslinging Chain 1 | . . 1 . . Shots Hit Robots 112 | . 77 26 . 9 Core Hits 79 | . 30 11 . 38 Critical Kills 1 | . 1 . . . Critical Parts Destroyed 1 | . 1 . . . Critical Strikes 2 | . 2 . . . Destroy 2 | . 2 . . . Melee Attacks . | . . . . . Impact . | . . . . . Slashing . | . . . . . Piercing . | . . . . . Sneak Attacks . | . . . . . Combat Hostiles . | . . . . . Follow-up Attacks . | . . . . . Damage Inflicted 2832 | . 1199 366 . 1267 Guns 1617 | . 1199 357 . 61 Cannons . | . . . . . Explosions 1206 | . . . . 1206 Melee . | . . . . . Ramming 9 | . . 9 . . Kinetic 1617 | . 1199 357 . 61 Thermal . | . . . . . Explosive 1206 | . . . . 1206 Electromagnetic . | . . . . . Impact . | . . . . . Slashing . | . . . . . Piercing . | . . . . . Highest Corruption 3 | . . . . 3 Average Corruption 3 | . . . . 3 Corruption Purged . | . . . . . Corruption Blocked . | . . . . . Effects 2 | . . . . 2 Data Loss (major) 2 | . . . . 2 Overload Shots . | . . . . . Overflow Damage 67 | . . . . 67 Projectiles . | . . . . . Explosions 67 | . . . . 67 Melee . | . . . . . Knockbacks . | . . . . . Impact . | . . . . . Kinetic . | . . . . . Secondary . | . . . . . Self-Inflicted Damage 115 | . . 4 . 111 Shots 4 | . . . . 4 Rammed 2 | . . 2 . . Targets Rammed 2 | . . 2 . . Kicked . | . . . . . Crushed . | . . . . . Highest Temperature 77 | . 26 23 . 77 Average Temperature 16 | . 9 9 . 58 Received Heat Transfer 390 | . 225 45 . 120 Siege Activations . | . . . . . Robots Corrupted . | . . . . . Combat Hostiles . | . . . . . Parts Fried . | . . . . . Impact Corruptions . | . . . . . Robots Melted . | . . . . . Combat Hostiles . | . . . . . Parts Melted . | . . . . . Heat Transferred . | . . . . . Parts Sabotaged . | . . . . . Parts Stolen . | . . . . . Parts Stripped . | . . . . . Power Chain Reactions . | . . . . . Alert | -11 -10 -10 -10 -9 ------- Run | Yrd Mat Min Exi Min Peak Influence 360 | . 360 239 . 30 Initial 134 | . . 134 . . Average 125 | . 161 108 . 8 Maximum Alert Level 1 | . 1 1 . . Low Security (%) 71 | 100 49 97 . 100 Level 1 28 | . 50 2 . . Level 2 . | . . . . . Level 3 . | . . . . . Level 4 . | . . . . . Level 5 . | . . . . . High Security . | . . . . . Max Security . | . . . . . Squads Dispatched 4 | . 4 . . . Investigation 2 | . 2 . . . Extermination . | . . . . . Reinforcement 2 | . 2 . . . Assault . | . . . . . Garrison . | . . . . . Intercept . | . . . . . Searches Triggered . | . . . . . Construction Impeded . | . . . . . Haulers Reinforced . | . . . . . Active Scanning Responses . | . . . . . Cargo Convoy Interrupts . | . . . . . Stealth | -11 -10 -10 -10 -9 --------- Run | Yrd Mat Min Exi Min Distress Signals 1 | . 1 . . . Communications Jammed . | . . . . . Distress Signals . | . . . . . Times Spotted 57 | . 29 6 . 22 Peak Tracking Total 12 | . 9 3 . 12 Tactical Retreats 1 | . . 1 . . Traps | -11 -10 -10 -10 -9 ------- Run | Yrd Mat Min Exi Min Traps Triggered 2 | . 2 . . . Indirectly . | . . . . . Trap Hack Attempts . | . . . . . Triggered . | . . . . . Disarmed . | . . . . . Reprogrammed . | . . . . . Reused . | . . . . . Traps Extracted . | . . . . . Installed . | . . . . . Triggered . | . . . . . Machines | -11 -10 -10 -10 -9 ---------- Run | Yrd Mat Min Exi Min Machines Disabled 1 | . 1 . . . Max in Single Turn 1 | . 1 . . . Machines Repaired . | . . . . . Machines Dismantled . | . . . . . Machines Sabotaged . | . . . . . Overloaded Fab Kills . | . . . . . Hacking | -11 -10 -10 -10 -9 --------- Run | Yrd Mat Min Exi Min Machines Accessed 9 | . 6 1 2 . Terminals 6 | . 5 1 . . Fabricators . | . . . . . Repair Stations 1 | . 1 . . . Recycling Units . | . . . . . Scanalyzers . | . . . . . Garrison Access . | . . . . . Total Hacks 18 | . 15 1 2 . Successful 6 | . 3 1 2 . Failed 11 | . 11 . . . Catastrophic . | . . . . . Database Lockouts 1 | . 1 . . . Manual 14 | . 13 . 1 . Terminals 14 | . 13 1 . . Fabricators . | . . . . . Repair Stations 2 | . 2 . . . Recycling Units . | . . . . . Scanalyzers . | . . . . . Garrison Access . | . . . . . Terminal Hacks 5 | . 2 1 2 . Record 1 | . . . 1 . Robot Analysis 1 | . 1 . . . Hauler Manifests 1 | . 1 . . . Zone Layout 1 | . . 1 . . Derelict Proto ID Bank 1 | . . . 1 . Fabricator Hacks . | . . . . . Repair Station Hacks . | . . . . . Recycling Unit Hacks . | . . . . . Scanalyzer . | . . . . . Garrison Access Hacks . | . . . . . Unauthorized Hacks 1 | . 1 . . . Terminals 1 | . 1 . . . Botnet 1 | . 1 . . . Fabricators . | . . . . . Repair Stations . | . . . . . Recycling Units . | . . . . . Scanalyzers . | . . . . . Garrison Access . | . . . . . Data Cores Recovered . | . . . . . Used . | . . . . . Hacking Detections 6 | . 6 . . . Full Trace Events . | . . . . . Feedback Events . | . . . . . Feedback Blocked . | . . . . . Robot Schematics Acquired . | . . . . . Robots Built . | . . . . . Authchips . | . . . . . Time . | . . . . . Total Robot Build Rating . | . . . . . Part Schematics Acquired . | . . . . . Parts Built . | . . . . . Authchips . | . . . . . Time . | . . . . . Total Part Build Rating . | . . . . . Parts Repaired . | . . . . . Time . | . . . . . Parts Recycled . | . . . . . Recycled Matter . | . . . . . Retrieved Matter . | . . . . . Retrieved Components . | . . . . . Parts Scanalyzed . | . . . . . Part Schematics Acquired . | . . . . . Parts Damaged . | . . . . . Bothacking | -11 -10 -10 -10 -9 ------------ Run | Yrd Mat Min Exi Min Used RIF Installer . | . . . . . Robots Hacked . | . . . . . Non-combat . | . . . . . Combat . | . . . . . Robot Hacks Applied . | . . . . . Relay Couplers Released . | . . . . . Fabnet Peak Effective % . | . . . . . Robots Rewired . | . . . . . Allies Hacked . | . . . . . Hacks Repelled . | . . . . . Allies | -11 -10 -10 -10 -9 -------- Run | Yrd Mat Min Exi Min Total Allies . | . . . . . Largest Group . | . . . . . Highest-Rated Group . | . . . . . Highest-Rated Ally . | . . . . . Total Orders . | . . . . . Ally Attacks . | . . . . . Total Damage . | . . . . . Kills . | . . . . . Allies Corrupted . | . . . . . Allies Melted . | . . . . . Intel | -11 -10 -10 -10 -9 ------- Run | Yrd Mat Min Exi Min Robot Analysis Total 1 | . 1 . . . Derelict Logs Recovered 1 | . . 1 . . Drone Launches . | . . . . . Drone Recoveries . | . . . . . Exploration | -11 -10 -10 -10 -9 ------------- Run | Yrd Mat Min Exi Min Turns Passed 2378 | 77 1169 732 219 181 Spaces Moved 1761 | 50 761 622 206 122 Core 16 | 16 . . . . Treads 218 | 34 164 . . 20 Legs . | . . . . . Wheels 1527 | . 597 622 206 102 Hover . | . . . . . Flight . | . . . . . Fastest Speed 50 | 50 105 105 105 105 Average Speed 111 | 124 116 105 105 115 Slowest Speed 240 | 160 160 105 105 240 Overloaded Moves . | . . . . . Propulsion Burnouts . | . . . . . Robots Hopped . | . . . . . Cave-ins Triggered . | . . . . . Exploration Rate (%) 58 | 4 97 99 59 31 Regions Visited 4 Branch Regions 3 Pre-discovered Areas 1 | . . . 1 . Known Exits Taken . | . . . . . Unknown Exits Taken 4 | 1 1 1 1 . Scrap Searched 3 | . . 1 . 2 Spaces Dug . | . . . . . Terrain Destroyed 68 | . . . . 68 Melee . | . . . . . Projectile . | . . . . . AOE 68 | . . . . 68 Terrain Rammed . | . . . . . Walls Destroyed . | . . . . . Machines Disabled . | . . . . . Actions | -11 -10 -10 -10 -9 --------- Run | Yrd Mat Min Exi Min Total 1981 | 64 910 654 208 145 Wait 49 | . 47 2 . . Move 1757 | 49 760 621 205 122 Hop . | . . . . . Pick Up 32 | 8 21 1 1 1 Fast Attach . | . . . . . Attach 16 | 6 2 2 . 6 Detach . | . . . . . Swap 16 | 1 9 . 1 5 Drop 8 | . 6 1 1 . Fire 101 | . 65 25 . 11 Melee . | . . . . . Ram 2 | . . 2 . . Kick . | . . . . . Crush . | . . . . . Escape Stasis . | . . . . . Rewire . | . . . . . Trap . | . . . . . Miscellaneous . | . . . . . Route ------- -11/Scrapyard -10/Materials (discovered 4 exits: [*Mat x3] / *Min) -10/Mines (discovered 3 exits: [*Mat x2] / *Exi) -10/Exiles -9/Mines History --------- Turn | Location | Event 2 | -11/Scrapyard | Met Revision 17 9 | -11/Scrapyard | Discovered new exit (range 16) 78 | -11/Scrapyard | Entered Materials 322 | -10/Materials | Build established: Mutant 444 | -10/Materials | Central database locked down 447 | -10/Materials | Discovered new exit (range 11) 684 | -10/Materials | Destroyed 7 combat bots 693 | -10/Materials | Discovered new exit (range 7) 917 | -10/Materials | Discovered new exit (range 10) 1146 | -10/Materials | Discovered new exit (range 16) 1247 | -10/Materials | Entered Mines 1431 | -10/Mines | Received a Rocket Launcher from a helpful Derelict 1449 | -10/Mines | Found a hidden stash of uninstalled traps 1561 | -10/Mines | Discovered new exit (range 3) 1654 | -10/Mines | Core integrity fell below 50% 1906 | -10/Mines | Learned Materials stockpile data 1949 | -10/Mines | Discovered new exit (range 14) 1975 | -10/Mines | Deemed a non-threat by the Exiles lab entrance 1975 | -10/Mines | Discovered new exit (range 5) 1979 | -10/Mines | Entered Exiles 2007 | -10/Exiles | Met 8R-AWN 2026 | -10/Exiles | Met EX-HEX 2054 | -10/Exiles | Met EX-BIN 2067 | -10/Exiles | Aligned with FarCom system 2068 | -10/Exiles | Given EX-Vault access code 2092 | -10/Exiles | Opened EX-Vault 2097 | -10/Exiles | Found Field Lobotomy Kit 2120 | -10/Exiles | Warned to stay clear of 0b10 Research branches 2148 | -10/Exiles | Met EX-DEC 2154 | -10/Exiles | Learned location of Zion (-7) 2185 | -10/Exiles | Discovered new exit (range 14) 2198 | -10/Exiles | Left Exiles lab with Field Lobotomy Kit 2198 | -10/Exiles | Entered Mines 2242 | -9/Mines | Met a Derelict bent on vengeance 2292 | -9/Mines | Assembled infested the area 2351 | -9/Mines | Lost 5 parts (1p1n2u1w) 2355 | -9/Mines | Destroyed 20 combat bots 2372 | -9/Mines | Core integrity fell below 20% 2379 | -9/Mines | Destroyed by D-53 Grenadier with Mini Grenade Launcher Last Messages --------------- U-05 Engineer builds a Wall. System corrupted: Substantial component data lost. The unstable cave ceiling collapses. U-05 Engineer lays Concrete. U-05 Engineer builds a Wall. C-30 ARC bursts open, deploying its payload. D-53 Grenadier unfolds itself. System corrupted: Substantial component data lost. U-05 Engineer lays Concrete. U-05 Engineer builds a Wall. Lgt. Treads destroyed. U-05 Engineer builds a Wall. The unstable cave ceiling collapses. U-05 Engineer builds a Wall. Hvy. Assault Rifle destroyed. The unstable cave ceiling collapses. U-05 Engineer builds a Wall. The unstable cave ceiling collapses. Med. Armor Plating destroyed. The unstable cave ceiling collapses. Map ----- +----------------------------------------------------+ | | | | | | | | | | | | | | | | | | | | | | | | | | | ????????????????????### ###???? | | ????????????????????? #???? | | ????????????????????## ### ##??? | | ????????????????????# # #??? | | ???????????????????## #??? | | ??????????????????## #??? | | ??????????????????# < #???? | | ??????????????????# ##??? | | ??????????????????## #??? | | ???????????????????## #??? | | ????????????????????# ##?? | | ????????????????????# #?? | | #???????????????????# @ ##?? | | #???????????????????# d #?? | | #???????????????????# # d ##?? | | #???????????????????# # #??? | | #?????####???????# ## u #??? | | ?????## ##??????# # ##??? | | ?????# ##?????### # %# #???? | | ?????# ###?????###u # #???? | | #?????#% ##????### ######???? | | ##???## ! ######## #????????? | | ##### #????????? | | ######## #????????? | | ##??????# #??##????? | | # #######??????## ## ##???? | | ## ##???????????? #???? | | ## ##???????????? #???? | | # ####?????????# #????? | | %#???????## #?????? | | #??????## ##?????? | | ### #?????## ##??????? | | #?# #????## ##???????? | | #?# #???## ##???????? | | ##?# #??## #???????? | | #??# #### #??????? | | ##??# #??????? | +----------------------------------------------------+ Best States ------------- Heat Dissipation 25 Energy Generation 12 Energy Capacity 265 Matter Stores 300 Matter Capacity 300 Sight Range 16 Terrain Scan Density 10 Armor Coverage 225 Propulsion Shielding 33 Evasion (%) 50 Recoil Reduction 2 Item Schematics ----------------- None Robot Schematics ------------------ None Fabricated ------------ Nothing Alien Tech Used ----------------- None Achievements -------------- Exterminator Killing Spree Quick And Dirty Challenges ------------ None Game ------ Seed PhasingSupersonicStick Manual? 0 Play Time 00:35:38 Cumulative 61.7 hours Start 2024.08.15 @ 13:50:21 End 2024.08.17 @ 02:09:49 Sessions 3 Manual Loads 0 Difficulty Rogue Special Mode None Game No. 82 Rogue 82 Adventurer 0 Explorer 0 Win Type - Total 2 Types 2/0/0/0/0/0/0/0/0 Lore% 33 Gallery% 49 Achievement% 36 Wizard Run 0 Options --------- Layout 0 ASCII 0 Keyboard 0 Movement Mouse Keybinds 0 Fullscreen 2 Font 18/SmallcapsGlow Map View 76x50 Zoom Use 0% Tactical HUD 0 Map Filters NONE Filters NONE Steam 1 RUN: 75844c59-6068-42ea-a2f1-4115cb268711